 Dungeon Crawl Stone Soup version 0.26.1-11-gd32895ea62 (webtiles) character file.

Game seed: 9194733326876693889

83930 hawla the Destroyer (level 15, -4/121 HPs)
             Began as a Black Draconian Conjurer on July 11, 2021.
             Was a High Priest of Vehumet.
             Slain by an orc warrior
             ... wielding a +0 glaive
             ... led by an orc knight
              (28 damage)
             ... on level 1 of the Orcish Mines on July 12, 2021.
             The game lasted 01:23:32 (25782 turns).

hawla the Destroyer (Black Draconian Conjurer)     Turns: 25782, Time: 01:23:35

Health: -4/121     AC: 14    Str: 10    XL:     15   Next: 33%
Magic:  39/39      EV: 14    Int: 35    God:    Vehumet [*****.]
Gold:   940        SH:  9    Dex: 10    Spells: 12/36 levels left

rFire    + . .     SeeInvis .   y - +0 eveningstar "Egogyuw" {holy, rPois rF+ Int+3}
rCold    . . .     Faith    .   t - +0 buckler
rNeg     . . .     Spirit   .   (armour unavailable)
rPois    +         Reflect  +   s - +1 hat
rElec    +         Harm     .   F - +0 cloak
rCorr    .         Rampage  .   x - +1 pair of gloves
Will     +....                  I - +0 pair of boots
Stlth    +++.......             v - amulet of reflection
HPRegen  0.30/turn              O - +6 ring of intelligence
MPRegen  0.26/turn              K - ring of magical power

@: very slightly contaminated
A: breathe lightning, unfitting armour, big wings, stinger 1, clever 1,
electricity resistance, cold-blooded, AC +9
a: Breathe Lightning, Fly, Renounce Religion


You were on level 1 of the Orcish Mines.
You worshipped Vehumet.
Vehumet was extremely pleased with you.
You visited 4 branches of the dungeon, and saw 18 of its levels.
You also visited: Sewer and Bailey.

You collected 1269 gold pieces.
You spent 329 gold pieces at shops.

Inventory:

Hand Weapons
 o - the +2 whip "Gaelump" {vorpal, +Inv rC+ Will+ Dex+8 Stlth-}
   (You found it on level 4 of the Dungeon)

   It inflicts extra damage upon your enemies.
   It affects your dexterity (+8).
   It protects you from cold.
   It affects your willpower, your defense against some magical effects.
   It lets you turn invisible.
   It makes you less stealthy.
 y - the +0 eveningstar "Egogyuw" (weapon) {holy, rPois rF+ Int+3}
   (You acquired it on level 11 of the Dungeon)

   It has been blessed by the Shining One to cause great damage to the undead
   and demons.
   It affects your intelligence (+3).
   It protects you from fire.
   It protects you from poison.
Missiles
 e - 68 poisoned darts (quivered)
 m - 60 boomerangs
 B - 2 datura-tipped darts
 P - 5 javelins
Armour
 s - a +1 hat (worn)
 t - a +0 buckler (worn)
 x - a +1 pair of gloves (worn)
 F - a +0 cloak (worn)
 I - a +0 pair of boots (worn)
Magical Staves
 H - an uncursed staff of cold
Jewellery
 a - an uncursed amulet of regeneration
 j - the ring of Noon {Fire Str+6 Stlth+}
   (You found it on level 13 of the Dungeon)

   [ring of fire]

   It enhances your fire magic.
   It affects your strength (+6).
   It protects you from fire.
   It makes you vulnerable to cold.
   It makes you more stealthy.
 v - an amulet of reflection (around neck)
 w - an uncursed amulet of magic regeneration
 A - a +6 ring of dexterity
 E - the ring of Imoewaen {Wiz Will+ Int+3 Stlth+}
   (You acquired it on level 11 of the Dungeon)

   [ring of wizardry]

   It improves your spell success rate.
   It affects your intelligence (+3).
   It affects your willpower, your defense against some magical effects.
   It makes you more stealthy.
 K - a ring of magical power (right hand)
 O - a +6 ring of intelligence (left hand)
 R - an uncursed ring of flight
 U - a cursed ring of ice
Wands
 i - a wand of enslavement (9)
 k - a wand of random effects (36)
 C - a wand of iceblast (17)
 J - a wand of polymorph (4)
 L - a wand of paralysis (12)
 M - a wand of flame (47)
Scrolls
 g - 4 scrolls of teleportation
 l - 7 scrolls of fog
 n - 8 scrolls of remove curse
 q - 2 scrolls of identify
 D - 2 scrolls of fear
 G - a scroll of enchant weapon
 N - a scroll of torment
 T - a scroll of blinking
Potions
 b - a potion of haste
 c - a potion of cancellation
 d - 5 potions of curing
 f - a potion of flight
 h - a potion of brilliance
 p - 4 potions of might
 r - 3 potions of resistance
 u - a potion of heal wounds
 S - 7 potions of ambrosia
Miscellaneous
 z - a condenser vane
 Q - a tin of tremorstones (2/2)


   Skills:
 - Level 8.0 Fighting
 + Level 11.4 Maces & Flails
 - Level 1.3 Throwing
 - Level 6.0 Dodging
 - Level 5.0 Stealth
 - Level 4.0 Shields
 + Level 11.2 Spellcasting
 - Level 12.0 Conjurations
 - Level 5.0 Summonings
 + Level 10.6 Translocations
 - Level 5.0 Transmutations
 - Level 5.0 Air Magic
 - Level 1.9 Evocations


You had 12 spell levels left.
You knew the following spells:

 Your Spells              Type           Power        Failure   Level
a - Magic Dart            Conj           100%         0%          1
b - Searing Ray           Conj           100%         1%          2
c - Iskenderun's Mystic   Conj/Tloc      78%          1%          4
d - Summon Lightning Spi  Summ/Air       53%          2%          4
e - Irradiate             Conj/Tmut      34%          1%          5
f - Spellforged Servitor  Conj/Summ      34%          16%         7
g - Apportation           Tloc           100%         1%          1

Your spell library contained the following spells:

 Spells                   Type           Power        Failure   Level
 Foxfire                  Conj/Fire      100%         1%          1
 Sandblast                Erth           38%          1%          1
 Shock                    Conj/Air       100%         1%          1
 Summon Small Mammal      Summ           100%         1%          1
 Call Imp                 Summ           53%          1%          2
 Passwall                 Tmut/Erth      30%          1%          2
 Call Canine Familiar     Summ           53%          1%          3
 Dazzling Flash           Conj/Hex       100%         1%          3
 Gell's Gravitas          Tloc           38%          1%          3
 Stone Arrow              Conj/Erth      100%         1%          3
 Fulminant Prism          Conj/Hex       28%          1%          4
 Animate Skeleton         Necr           38%          2%          1
 Corona                   Hex            21%          2%          1
 Summon Guardian Golem    Hex/Summ       37%          2%          3
 Yara's Violent Unravell  Hex/Tmut       18%          6%          5
 Confusing Touch          Hex            19%          7%          3
 Petrify                  Tmut/Erth      37%          8%          4
 Summon Ice Beast         Ice/Summ       37%          8%          4
 Lee's Rapid Deconstruct  Erth           9%           16%         5
 Hydra Form               Tmut           26%          41%         6
 Metabolic Englaciation   Hex/Ice        9%           52%         5
 Statue Form              Tmut/Erth      24%          77%         6
 Dragon Form              Tmut           26%          94%         7


Dungeon Overview and Level Annotations

Branches:
Dungeon (15/15)            Temple (1/1) D:4            Lair (1/6) D:9
    Orc (1/2) D:11         Vaults (0/5) D:13         Depths (0/5) D:15
  Sewer (visited)          Bailey (visited)

Altars:
Ashenzari
Cheibriados
Dithmenos
Elyvilon
Fedhas
Gozag
Hepliaklqana
Kikubaaqudgha
Makhleb
Nemelex Xobeh
Okawaru
Qazlal
Ru
Sif Muna
Trog
Uskayaw
Vehumet
Wu Jian
Xom
Yredelemnul
Zin
The Shining One

Shops:
D:5 !?[   D:6 =   D:8 (

Portals:
Trove: D:10 (give +3 gold dragon scales)


Innate Abilities, Weirdness & Mutations

You can breathe wild blasts of lightning.
Your glossy black scales are hard. (AC +9)
You cannot fit into any form of body armour.
Your large and strong wings let you fly indefinitely.
You are resistant to electric shocks. (rElec)
You are cold-blooded and may be slowed by cold attacks.
Your tail ends in a poisonous barb.
Your mind is acute. (Int +2)


Message History

The orc knight hits you with a +0 great sword!
The orc warrior misses you.
The orc warrior no longer looks unusually strong.
The orc knight hits you but does no damage.
The orc warrior hits you from afar with a +0 glaive.
The orc knight barely misses you. The orc barely misses you.
The orc priest calls down the wrath of Beogh upon you.
Pain shoots through your body! The orc warrior barely misses you.
You feel less invigorated.
You feel less confused.
The orc knight hits you with a +0 great sword!
The orc warrior hits you from afar with a +0 glaive!!
* * * LOW HITPOINT WARNING * * *
You feel better.
The orc warrior hits you but does no damage.
The orc knight hits you with a +0 great sword.
* * * LOW HITPOINT WARNING * * *
The orc barely misses you.
The orc warrior hits you from afar with a +0 glaive!!
You die...

### ##@## ## #ooo##
##.###.oo.#
#...#....##
###.........#
.#.##.......## #
............# #.#
.........#..##....
.........#†.......#


You could see an orc knight, 2 orc warriors, an orc priest (strong) and an orc
(strong).

Vanquished Creatures
  An orc warlord (Bailey)
  Azrael (D:12)
  An ettin (D:15)
  Fannar (Lair:1)
  Josephine (D:12)
  A boulder beetle (D:15)
  3 hydras
  4 death knights
  4 centaur warriors
  5 two-headed ogres
  An ogre mage (D:13)
  A tengu warrior (D:15)
  8 skeletal warriors
  3 unseen horrors
  A glowing orange brain (shapeshifter) (D:15)
  3 orc knights
  5 phantasmal warriors
  A nameless horror (Bailey)
  8 ugly things
  4 deep elf magi
  2 centaur zombies
  5 cyclopes
  An orc sorcerer (Orc:1)
  Maurice (D:9)
  A black mamba (Lair:1)
  A gargoyle (D:13)
  2 cane toads (Lair:1)
  6 yaktaurs (D:15)
  Maggie (D:9)
  A kobold demonologist (D:11)
  A freezing wraith (D:14)
  3 komodo dragons (Lair:1)
  A queen bee (D:11)
  4 trolls
  A blink frog (Lair:1)
  6 slime creatures
  A hornet (D:14)
  2 shadows
  A water elemental (D:15)
  A vampire (D:12)
  19 yaks
  A wyvern (D:8)
  A basilisk (D:12)
  3 fire elementals (D:12)
  8 wraiths
  9 vampire mosquitoes
  6 wargs
  An acid dragon (D:15)
  A soldier ant (D:12)
  2 water moccasins
  2 hell hounds (D:12)
  2 sky beasts
  6 ice beasts
  13 orc warriors
  3 black bears
  A necrophage (D:11)
  A phantom (D:4)
  An eye of draining (D:11)
  5 ogres
  18 centaurs
  5 big kobolds
  10 bullfrogs
  A wyvern zombie (D:12)
  A gnoll sergeant (D:10)
  2 scorpions
  34 killer bees
  22 wights
  2 howler monkeys (D:7)
  An electric eel (D:15)
  2 quasits
  A wyvern simulacrum (D:15)
  A bullfrog zombie (D:4)
  3 centaur skeletons
  23 orc wizards
  6 orc priests
  3 hounds
  3 bullfrog skeletons
  5 iguanas
  Natasha (thrice) (D:2)
  13 worker ants
  A hound zombie (D:6)
  A howler monkey zombie (D:7)
  20 adders
  11 gnolls
  2 river rats (D:4)
  A river rat (shapeshifter) (D:14)
  2 shadow imps (D:5)
  3 white imps
  2 ufetubi
  7 oozes
  An adder zombie (D:9)
  3 adder skeletons
  8 worms
  7 dart slugs
  8 leopard geckos
  52 orcs
  6 giant cockroaches
  12 goblins
  10 hobgoblins
  22 jackals
  43 kobolds
  2 quokkas
  2 ball pythons
  13 bats
  3 frilled lizards
  21 rats
606 creatures vanquished.

Vanquished Creatures (collateral kills)
  A catoblepas (D:15)
  An orc knight (D:15)
  A centaur skeleton (D:15)
  A komodo dragon (Lair:1)
  A freezing wraith (D:14)
  4 blink frogs (Lair:1)
  A necrophage (D:10)
10 creatures vanquished.

Vanquished Creatures (others)
  A fungus (Lair:1)
  8 plants (Lair:1)
9 creatures vanquished.

Grand Total: 625 creatures vanquished

Notes
Turn   | Place    | Note
-------+----------+-------------------------------------------
     0 | D:1      | hawla the Draconian Conjurer began the quest for the Orb.
     0 | D:1      | Reached XP level 1. HP: 14/14 MP: 3/3
     6 | D:1      | Noticed a water moccasin
     6 | D:1      | Noticed a killer bee
     7 | D:1      | Noticed a four-headed hydra
     7 | D:1      | Noticed a snapping turtle
    75 | D:1      | Reached XP level 2. HP: 12/22 MP: 0/5
   261 | D:1      | Reached skill level 1 in Fighting
   264 | D:1      | Learned a level 2 spell: Searing Ray
   291 | D:1      | Reached skill level 1 in Translocations
   714 | D:1      | Reached XP level 3. HP: 28/28 MP: 3/6
  1743 | D:2      | Noticed Natasha
  1746 | D:2      | Killed Natasha
  1747 | D:2      | Reached XP level 4. HP: 35/35 MP: 3/7
  1753 | D:2      | Learned a level 4 spell: Iskenderun's Mystic Blast
  1964 | D:2      | Reached skill level 5 in Conjurations
  2346 | D:2      | Noticed Natasha
  2352 | D:2      | Killed Natasha
  2353 | D:2      | Reached XP level 5. HP: 30/40 MP: 0/8
  2826 | D:2      | Found a faded altar of an unknown god.
  2924 | D:2      | Found a burning altar of Makhleb.
  3686 | D:2      | Noticed Natasha
  3690 | D:2      | Killed Natasha
  3920 | D:3      | Reached XP level 6. HP: 47/47 MP: 5/9
  4277 | D:3      | Found a sacrificial altar of Ru.
  4800 | D:4      | Got a translucent whip
  4800 | D:4      | Identified the +2 whip "Gaelump" {vorpal, +Inv rC+ Will+
                  | Dex+8 Stlth-} (You found it on level 4 of the Dungeon)
  4816 | D:4      | Found a staircase to the Ecumenical Temple.
  4822 | Temple   | Entered the Ecumenical Temple
  4910 | D:4      | Reached skill level 6 in Conjurations
  5010 | D:4      | Found a glowing drain.
  5017 | Sewer    | Entered a sewer
  6156 | D:4      | Your scales start taking on a glossy black colour.
  6156 | D:4      | Reached XP level 7. HP: 48/52 MP: 11/11
  6156 | D:4      | Gained mutation: You are resistant to electric shocks.
                  | (rElec) [Black Draconian growth]
  6338 | D:4      | You fall into a shaft and drop 2 floors!
  6357 | D:6      | Reached skill level 1 in Maces & Flails
  6687 | D:6      | Found Xanaguis's Jewellery Emporium.
  6868 | D:6      | Reached XP level 8. HP: 48/61 MP: 8/13
  7232 | D:5      | Entered Level 5 of the Dungeon
  7924 | D:5      | Found Kegawn's Magic Scroll Shop.
  7932 | D:5      | Bought a scroll of magic mapping for 49 gold pieces
  8138 | D:5      | Reached skill level 1 in Shields
  8368 | D:5      | Found Qiyxonura's Antique Armour Shop.
  8469 | D:5      | Found a shimmering blue altar of Sif Muna.
  8496 | D:5      | Identified Sif Muna's Almanac of the Countless Bounties
  8596 | D:5      | Found Ommeokum's Distillery.
  8738 | D:6      | Reached skill level 7 in Conjurations
  9391 | D:7      | Found a stormy altar of Qazlal.
  9490 | D:7      | Reached XP level 9. HP: 50/69 MP: 2/16
  9494 | D:7      | Gained mutation: You are dopey. (Int -2) [potion of
                  | mutation]
  9494 | D:7      | Gained mutation: You tend to lose your temper in combat.
                  | [potion of mutation]
  9494 | D:7      | Lost mutation: You are dopey. (Int -2) [potion of mutation]
  9494 | D:7      | Gained mutation: You evolve. [potion of mutation]
  9508 | D:7      | Reached skill level 5 in Maces & Flails
  9732 | D:7      | Lost mutation: You tend to lose your temper in combat.
                  | [potion of mutation]
  9732 | D:7      | Lost mutation: You evolve. [potion of mutation]
  9732 | D:7      | Gained mutation: Your mind is acute. (Int +2) [potion of
                  | mutation]
  9732 | D:7      | Gained mutation: Your tail ends in a poisonous barb.
                  | [potion of mutation]
  9739 | D:7      | Found a white marble altar of Elyvilon.
 10115 | D:8      | Found Etruatz's Antique Weapon Emporium.
 10193 | D:8      | Found a snail-covered altar of Cheibriados.
 10618 | D:8      | Reached skill level 5 in Translocations
 10629 | D:8      | Reached skill level 5 in Spellcasting
 10633 | D:8      | Found a shimmering altar of Xom.
 10886 | D:6      | Bought an uncursed ring of magical power for 280 gold
                  | pieces
 10939 | D:9      | Noticed Maurice
 10948 | D:9      | Killed Maurice
 11020 | D:9      | Found a staircase to the Lair.
 11025 | D:9      | Noticed Maggie
 11317 | D:9      | Killed Maggie
 11318 | D:9      | Reached XP level 10. HP: 60/78 MP: 18/18
 11511 | D:9      | Found a radiant altar of Vehumet.
 11517 | D:9      | Found a hide-covered altar of Uskayaw.
 11521 | D:9      | Became a worshipper of Vehumet
 11531 | D:9      | Noticed a +0 dagger
 11531 | D:9      | Noticed a +0 dagger
 11877 | D:9      | Noticed a cyclops
 11882 | D:9      | Killed a cyclops
 11883 | D:9      | Reached skill level 8 in Conjurations
 11999 | D:9      | Found a hazy altar of Hepliaklqana.
 12349 | D:10     | Entered Level 10 of the Dungeon
 12527 | D:10     | Noticed a two-headed ogre
 12545 | D:10     | Killed a two-headed ogre
 12756 | D:10     | Reached * piety under Vehumet
 12756 | D:10     | Offered knowledge of Freeze by Vehumet.
 12757 | D:10     | Reached skill level 5 in Dodging
 13007 | D:10     | Learned a level 4 spell: Summon Lightning Spire
 13355 | D:10     | Found a portal to a secret trove of treasure.
 13499 | D:11     | Found a flagged portal.
 13520 | Bailey   | Entered a bailey
 13583 | Bailey   | Noticed an orc warlord
 13679 | Bailey   | Reached skill level 1 in Summonings
 13817 | Bailey   | Found a runed translucent gate.
 13819 | Bailey   | Found a runed translucent gate.
 13821 | Bailey   | Found a runed translucent gate.
 13837 | Bailey   | Offered knowledge of Shock by Vehumet.
 13936 | Bailey   | Reached ** piety under Vehumet
 13939 | Bailey   | Noticed a nameless horror
 14124 | Bailey   | Killed a nameless horror
 14236 | Bailey   | Killed an orc warlord
 14237 | Bailey   | Reached XP level 11. HP: 35/85 MP: 19/21
 14587 | D:11     | Learned a level 1 spell: Shock
 14903 | D:11     | Killed an unseen horror
 14906 | D:11     | Reached skill level 1 in Evocations
 14972 | D:11     | Found a staircase to the Orcish Mines.
 15123 | D:11     | Reached skill level 9 in Conjurations
 15124 | D:11     | Identified 2 scrolls of acquirement
 15124 | D:11     | Acquired the +0 eveningstar "Egogyuw" {holy, rPois rF+
                  | Int+3}
 15126 | D:11     | Acquired the ring of Imoewaen {Wiz Will+ Int+3 Stlth+}
 15229 | D:11     | Noticed a deep elf mage
 15243 | D:11     | Noticed a two-headed ogre
 15244 | D:11     | Killed a deep elf mage
 15248 | D:11     | Killed a two-headed ogre
 15470 | D:11     | Offered knowledge of Inner Flame by Vehumet.
 15479 | D:11     | Reached *** piety under Vehumet
 16263 | D:12     | Noticed a white ugly thing
 16273 | D:12     | Killed a white ugly thing
 16726 | D:12     | Offered knowledge of Airstrike by Vehumet.
 16730 | D:12     | Noticed Josephine
 16731 | D:12     | Noticed a two-headed ogre
 16734 | D:12     | Reached skill level 5 in Fighting
 16736 | D:12     | Killed a two-headed ogre
 16737 | D:12     | Killed Josephine
 16975 | D:12     | Reached XP level 12. HP: 68/94 MP: 23/24
 16980 | D:12     | Noticed Azrael
 16993 | D:12     | You fall into a shaft and drop 2 floors!
 17181 | D:14     | Reached **** piety under Vehumet
 17212 | D:14     | Noticed a death knight
 17231 | D:14     | Reached skill level 10 in Conjurations
 17240 | D:14     | Killed a death knight
 17304 | D:14     | Offered knowledge of Irradiate by Vehumet.
 17311 | D:14     | Learned a level 5 spell: Irradiate
 17355 | D:14     | Noticed a death knight
 17656 | D:13     | You fall into a shaft and drop 1 floor!
 17919 | D:14     | Reached skill level 5 in Stealth
 17927 | D:14     | Killed a death knight
 18257 | D:13     | Noticed a two-headed ogre
 18258 | D:13     | Noticed a two-headed ogre
 18258 | D:13     | Noticed an ogre mage
 18261 | D:13     | Found a gate to the Vaults.
 18271 | D:13     | Killed a two-headed ogre
 18272 | D:13     | Reached skill level 11 in Conjurations
 18274 | D:13     | Killed a two-headed ogre
 18326 | D:13     | Killed an ogre mage
 18409 | D:12     | Killed Azrael
 18410 | D:12     | Reached XP level 13. HP: 102/102 MP: 26/26
 19045 | D:12     | Reached ***** piety under Vehumet
 19047 | D:12     | Offered knowledge of Fireball by Vehumet.
 19549 | D:13     | Got a bound golden ring
 19758 | D:13     | Identified the ring of Noon {Fire Str+6 Stlth+} (You found
                  | it on level 13 of the Dungeon)
 19954 | D:13     | Reached skill level 10 in Spellcasting
 20263 | D:13     | Reached skill level 10 in Maces & Flails
 20477 | D:13     | Reached skill level 1 in Throwing
 21290 | D:14     | Gained mutation: Your large and strong wings let you fly
                  | indefinitely. [Black Draconian growth]
 21290 | D:14     | Reached XP level 14. HP: 111/111 MP: 28/28
 21528 | D:15     | Entered Level 15 of the Dungeon
 22159 | D:15     | Offered knowledge of Spellforged Servitor by Vehumet.
 22175 | D:15     | Learned a level 7 spell: Spellforged Servitor
 22536 | D:15     | Reached skill level 10 in Translocations
 22840 | D:15     | Reached XP level 15. HP: 77/118 MP: 5/29
 23089 | D:15     | Reached skill level 12 in Conjurations
 23094 | D:15     | Reached skill level 5 in Air Magic
 23302 | D:15     | Learned a level 1 spell: Apportation
 23855 | D:15     | Found a staircase to the Depths.
 24252 | Lair:1   | Entered Level 1 of the Lair of Beasts
 24859 | Lair:1   | Reached skill level 5 in Summonings
 24873 | Lair:1   | Noticed Fannar
 24881 | Lair:1   | Killed Fannar
 24882 | Lair:1   | Reached skill level 5 in Transmutations
 25729 | Orc:1    | Entered Level 1 of the Orcish Mines
 25782 | Orc:1    | Slain by an orc warrior

Illustrated notes

Levels and vault maps discovered:
D:1:      onia_arrival_zoo_common, layout_loops_ring
D:2:      minmay_razor_zed, layout_basic, lemuel_doored_altar,
          chequers_ecumenical_altar_simple_redux, uniq_natasha
D:3:      layout_rooms, overflow_temple_1_default
D:4:      layout_cave_pods, temple_fountains, gup_sewer_entry_bubbles,
          kennysheep_potato
D:5:      layout_rooms, led_sif_book, serial_shops, kennysheep_mini,
          shop_statue, shop
D:6:      layout_rooms, serial_shops, shop
D:7:      layout_rooms, lemuel_round_altar, lemuel_crystal_altar
D:8:      layout_rooms, general_overflow_altar, serial_shops, shop, tgw_xom
D:9:      layout_roguey, vehumet_altar_wand_db, nzn_hepliaklqana_mist_gate,
          dancing_weapons_uskayaw, erik_lair_orcish_takeover, uniq_maggie,
          uniq_maurice
D:10:     layout_cave_pods, enter_trove_3
D:11:     layout_loops_corners, david_orc_3, enter_bailey_6, special_room
          [special_room_bee]
D:12:     layout_loops_ring, minivault_25_ag, uniq_josephine, uniq_azrael
D:13:     layout_stronghold, david_vaults_2
D:14:     layout_cave_pools, chequers_serial_rivers_room_b, serial_glass,
          glass_columns_a, glass_columns_c
D:15:     hangedman_depths_entry_civil_slaughter, layout_basic,
          small_statue_intersection, minmay_fountain_box, nrook_pool_corridor
Temple:   cyrus_circular_temple
Lair:1:   layout_loops_ring, uniq_fannar
Orc:1:    layout_caves

Skill      XL: |  1  2  3  4  5  6  7  8  9 10 11 12 13 14 15 |
---------------+----------------------------------------------+-----
Fighting       | 1 2 3 4 5 6 7 8 |  8.0
Translocations | 1 2 3 4 5 6 7 9 10 | 10.6
Conjurations   | 5 6 7 8 9 11 12 | 12.0
Spellcasting   | 3 4 5 6 8 9 10 11 | 11.2
Dodging        | 2 3 4 5 6 |  6.0
Maces & Flails | 2 4 6 8 9 10 11 | 11.4
Stealth        | 2 3 4 5 |  5.0
Shields        | 1 4 |  4.0
Summonings     | 1 4 5 |  5.0
Evocations     | 1 |  1.9
Throwing       | 1 |  1.3
Transmutations | 3 4 5 |  5.0
Air Magic      | 4 5 |  5.0

Action                   |  1- 3 |  4- 6 |  7- 9 | 10-12 | 13-15 || total
-------------------------+-------+-------+-------+-------+-------++-------
Melee: Unarmed           |    41 |    19 |       |       |       ||    60
       Tailslap          |     5 |     9 |    37 |    51 |    45 ||   147
       Whip              |       |    63 |   196 |   225 |    26 ||   510
       Eveningstar       |       |       |       |   111 |   229 ||   340
Throw: Dart              |       |       |     3 |       |     2 ||     5
       Boomerang         |       |       |       |     1 |     2 ||     3
 Cast: Magic Dart        |    26 |    36 |    15 |    25 |    17 ||   119
       Searing Ray       |    19 |    69 |    41 |    57 |    54 ||   240
       Iskenderun's Myst |       |     5 |    27 |   125 |   113 ||   270
       Summon Lightning  |       |       |       |     2 |     4 ||     6
       Shock             |       |       |       |     1 |       ||     1
       Irradiate         |       |       |       |     3 |     7 ||    10
       Spellforged Servi |       |       |       |       |     1 ||     1
 Abil: Breathe Lightning |       |       |       |     1 |       ||     1
Evoke: Wand              |       |       |       |     9 |     1 ||    10
       Condenser vane    |       |       |       |     1 |       ||     1
  Use: Scroll            |       |     7 |    12 |    19 |     5 ||    43
       Potion            |       |     2 |     6 |     9 |     8 ||    25
 Stab: Sleeping          |       |       |     1 |     5 |     1 ||     7
       Distracted        |       |       |       |     1 |     1 ||     2
Armor: Skin              |    15 |    62 |    59 |   102 |    97 ||   335
Dodge: Dodged            |    52 |   124 |   143 |   214 |   187 ||   720
Block: Buckler           |       |     2 |   105 |   219 |   143 ||   469
       Reflection        |       |       |     6 |    36 |    17 ||    59
